 Dungeon Crawl Stone Soup version 0.30.1-11-g7821555f0a (webtiles) character file.

Game seed: 14897664688463546627

1822 ChrisAssaf the Magician (level 9, -29/65 HPs)
             Began as a Gnoll Venom Mage on Nov 13, 2023.
             Was a Follower of Fedhas.
             Annihilated by a two-headed ogre
             ... wielding a +0 dire flail
              (31 damage)
             ... on level 6 of the Dungeon.
             The game lasted 00:20:33 (4939 turns).

ChrisAssaf the Magician (Gnoll Venom Mage)          Turns: 4939, Time: 00:20:34

Health: -29/65     AC:  5    Str: 12    XL:     9   Next: 10%
Magic:  8/18       EV: 13    Int: 15    God:    Fedhas [*.....]
Gold:   237        SH:  0    Dex: 12    Spells: 12/21 levels left

rFire   . . .        s - +0 dagger (venom)
rCold   . . .        (no shield)
rNeg    . . .        k - +2 leather armour {rPois}
rPois   +            (no helmet)
rElec   .            (no cloak)
rCorr   .            (no gloves)
SInv    .            (no boots)
Will    .....        (no amulet)
Stlth   +++          (no ring)
HPRegen 0.30/turn    (no ring)
MPRegen 0.16/turn

%: no passive effects
@: no status effects
A: fangs 1, strong nose, distributed training
a: Renounce Religion


You were on level 6 of the Dungeon.
You worshipped Fedhas.
Fedhas was aware of your devotion.
You visited 1 branch of the dungeon, and saw 6 of its levels.

You collected 237 gold pieces.

Inventory:

Hand Weapons
 s - a +0 dagger of venom (weapon)
 t - a +0 battleaxe
 x - a +0 broad axe
Missiles
 l - 12 poisoned darts (quivered)
 o - 2 silver boomerangs
Armour
 a - a +0 robe
 k - a +2 leather armour of poison resistance (worn)
Jewellery
 d - a +6 ring of strength
Scrolls
 f - 2 scrolls of immolation
 h - a scroll of blinking {unknown}
 i - a scroll of poison
 j - a scroll of fog {unknown}
 m - a scroll of vulnerability
 q - a scroll of enchant armour {unknown}
 r - 2 scrolls of noise
Potions
 e - a potion of degeneration {unknown}
 g - a potion of curing
 p - a potion of cancellation {unknown}
 u - a potion of attraction {unknown}
 v - a potion of berserk rage {unknown}


   Skills:
 + Level 4.0 Fighting
 + Level 4.0 Short Blades
 + Level 4.0 Long Blades
 + Level 4.0 Axes
 + Level 4.0 Maces & Flails
 + Level 4.0 Polearms
 + Level 4.0 Staves
 + Level 4.0 Ranged Weapons
 + Level 4.0 Throwing
 + Level 4.0 Armour
 + Level 6.2 Dodging
 + Level 5.9 Stealth
 + Level 4.0 Shields
 + Level 4.0 Unarmed Combat
 + Level 6.5 Spellcasting
 + Level 3.3 Conjurations
 + Level 3.3 Hexes
 + Level 3.3 Summonings
 + Level 3.3 Necromancy
 + Level 3.3 Translocations
 + Level 4.0 Transmutations
 + Level 3.3 Fire Magic
 + Level 3.3 Ice Magic
 + Level 3.3 Air Magic
 + Level 3.3 Earth Magic
 + Level 6.4 Poison Magic
 + Level 4.5 Invocations
 + Level 4.0 Evocations


You had 12 spell levels left.
You knew the following spells:

 Your Spells              Type           Power      Damage    Failure   Level
b - Mephitic Cloud        Conj/Pois/Air  18%        N/A       9%          3
c - Olgreb's Toxic Radia  Pois           24%        N/A       12%         4
d - Poisonous Vapours     Pois/Air       38%        N/A       3%          2

Your spell library contained the following spells:

 Spells                   Type           Power      Damage    Failure   Level
 Sting                    Tmut/Pois      80%        1d7       1%          1
 Kiss of Death            Conj/Necr      56%        2d9       4%          1
 Confusing Touch          Hex            14%        N/A       14%         3
 Dispel Undead            Necr           14%        3d10      41%         4


Dungeon Overview and Level Annotations

Branches:
Dungeon (6/15)
 Temple: D:4-7

Altars:
Dithmenos
Fedhas
Zin
The Shining One

Shops:
D:3 =


Innate Abilities, Weirdness & Mutations

You have very sharp teeth.
Your uncanny sense of smell can sniff out nearby items.
Your experience applies equally to all skills.


Message History

The two-headed ogre is caught in the net!
The two-headed ogre is moderately wounded.
The two-headed ogre struggles against the net.
The two-headed ogre struggles against the net.
You hit the two-headed ogre.
The two-headed ogre is moderately wounded.
The two-headed ogre struggles against the net.
You hit the two-headed ogre but do no damage.
The two-headed ogre looks as sick as possible!
The two-headed ogre is heavily wounded.
The two-headed ogre struggles against the net.
You hit the two-headed ogre.
The two-headed ogre looks as sick as possible!
You bite the two-headed ogre, but do no damage.
The two-headed ogre is heavily wounded.
You hit the two-headed ogre but do no damage.
The two-headed ogre is heavily wounded.
The two-headed ogre struggles against the net.
You hit the two-headed ogre.
The two-headed ogre looks as sick as possible!
You bite the two-headed ogre.
The two-headed ogre is heavily wounded.
The two-headed ogre struggles against the net.
The net rips apart, and the two-headed ogre comes free!
You hit the two-headed ogre.
The two-headed ogre is severely wounded.
The two-headed ogre hits you with a +0 dire flail!!
* * * LOW HITPOINT WARNING * * *
The two-headed ogre closely misses you.
Unknown command.
You feel much better.
The two-headed ogre hits you with a +0 dire flail!!
* * * LOW HITPOINT WARNING * * *
The two-headed ogre hits you but does no damage.
The two-headed ogre attacks as you move away!
The two-headed ogre hits you with a +0 dire flail!
* * * LOW HITPOINT WARNING * * *
The two-headed ogre hits you with a +0 giant club!!
You die...
Fedhas appreciates your contribution to the ecosystem.

.... .... ... ..#
# # ..# #.###. ..#
#....##..##
#..@...#
######.O###.....
#........# .##
#........# #######
#........# ......#
#........#
##....###)...)...+
........#........#
..).).)...)......#
##.


You could see a two-headed ogre (very poisoned).

Vanquished Creatures
  Pikel (D:6)
  Sigmund (D:2)
  A sky beast (D:6)
  An ice beast (D:5)
  A centaur (D:6)
  4 lemures (D:6)
  3 scorpions
  A gnoll sergeant (D:6)
  2 wights (D:6)
  2 gnoll boudas (D:5)
  A hound (D:6)
  2 sleepcaps
  An orc wizard (D:6)
  Terence (D:2)
  4 iguanas
  7 adders
  14 gnolls
  3 worms
  6 dart slugs
  9 orcs
  5 ball pythons
  10 bats
  7 endoplasms
  2 giant cockroaches
  7 goblins
  8 hobgoblins
  5 jackals
  6 kobolds
  4 quokkas
  7 rats
126 creatures vanquished.

Vanquished Creatures (others)
  A jackal (D:2)
  A goblin (D:2)
2 creatures vanquished.

Grand Total: 128 creatures vanquished

Notes
Turn   | Place    | Note
-------+----------+-------------------------------------------
     0 | D:1      | ChrisAssaf the Gnoll Venom Mage began the quest for the
                  | Orb.
     0 | D:1      | Reached XP level 1. HP: 13/13 MP: 6/6
   109 | D:1      | Reached XP level 2. HP: 10/19 MP: 1/7
   236 | D:2      | Noticed Sigmund
   343 | D:1      | Reached skill level 5 in Spellcasting
   343 | D:1      | Reached XP level 3. HP: 16/25 MP: 6/9
   375 | D:1      | Learned a level 3 spell: Mephitic Cloud
   420 | D:3      | Reached skill level 1 in Invocations
   440 | D:3      | Reached skill level 1 in Fighting
   440 | D:3      | Reached skill level 1 in Short Blades
   440 | D:3      | Reached skill level 1 in Long Blades
   440 | D:3      | Reached skill level 1 in Axes
   440 | D:3      | Reached skill level 1 in Maces & Flails
   440 | D:3      | Reached skill level 1 in Polearms
   440 | D:3      | Reached skill level 1 in Staves
   440 | D:3      | Reached skill level 1 in Ranged Weapons
   440 | D:3      | Reached skill level 1 in Throwing
   440 | D:3      | Reached skill level 1 in Armour
   440 | D:3      | Reached skill level 1 in Shields
   440 | D:3      | Reached skill level 1 in Unarmed Combat
   440 | D:3      | Reached skill level 1 in Evocations
   440 | D:3      | Reached XP level 4. HP: 23/32 MP: 7/11
   578 | D:4      | Learned a level 4 spell: Olgreb's Toxic Radiance
   581 | D:4      | Learned a level 2 spell: Poisonous Vapours
   659 | D:4      | Found a shadowy altar of Dithmenos.
   666 | D:4      | Found a glowing golden altar of the Shining One.
   776 | D:4      | Reached skill level 1 in Conjurations
   776 | D:4      | Reached skill level 1 in Hexes
   776 | D:4      | Reached skill level 1 in Summonings
   776 | D:4      | Reached skill level 1 in Necromancy
   776 | D:4      | Reached skill level 1 in Translocations
   776 | D:4      | Reached skill level 1 in Fire Magic
   776 | D:4      | Reached skill level 1 in Ice Magic
   776 | D:4      | Reached skill level 1 in Air Magic
   776 | D:4      | Reached skill level 1 in Earth Magic
  1199 | D:4      | Reached XP level 5. HP: 33/37 MP: 5/12
  1348 | D:5      | Entered Level 5 of the Dungeon
  1348 | D:5      | Noticed an ice beast
  1452 | D:5      | Reached XP level 6. HP: 18/44 MP: 6/13
  1554 | D:5      | Reached skill level 5 in Dodging
  1657 | D:5      | Killed an ice beast
  1678 | D:5      | Reached XP level 7. HP: 14/50 MP: 15/15
  2051 | D:5      | Found a glowing silver altar of Zin.
  2833 | D:3      | Reached skill level 5 in Stealth
  2986 | D:3      | You fall into a shaft and drop 1 floor!
  3322 | D:3      | Found Yxzily's Jewellery Boutique.
  3551 | D:2      | Killed Sigmund
  3692 | D:2      | Reached XP level 8. HP: 58/58 MP: 11/16
  3731 | D:2      | Noticed Terence
  3744 | D:2      | Killed Terence
  3998 | D:2      | Found a blossoming altar of Fedhas.
  4010 | D:2      | Became a worshipper of Fedhas Madash
  4873 | D:6      | Reached * piety under Fedhas
  4888 | D:6      | Noticed Pikel
  4910 | D:6      | Killed Pikel
  4911 | D:6      | Reached XP level 9. HP: 40/65 MP: 11/18
  4915 | D:6      | Noticed a two-headed ogre
  4939 | D:6      | HP: 2/65 [two-headed ogre/+0 dire flail (13)]
  4939 | D:6      | Annihilated by a two-headed ogre

Illustrated notes

Levels and vault maps discovered:
D:1:      dpeg_arrival_orchard, layout_basic, st_stairs_9
D:2:      layout_rooms, basic_altar, chequers_avenue, uniq_sigmund, uniq_terence
D:3:      layout_basic, serial_shops, shop, st_stairs_11
D:4:      layout_basic, mainiacjoe_overflow_big_doors, serial_corexii_hall,
          corexii_hall_statues_x, chequers_hall_statues_y,
          corexii_hall_statues_i, chequers_hall_statues_corner_a,
          corexii_hall_statues_s, corexii_hall_statues_x, minivault_11,
          grunt_decor_arrowhead
D:5:      layout_rooms, mainiacjoe_overflow_surrounded_room
D:6:      layout_basic, mainiacjoe_overflow_alcove_1, minmay_manual_maat,
          uniq_menkaure, uniq_eustachio, uniq_pikel, uniq_blork_the_orc

Skill      XL: |  1  2  3  4  5  6  7  8 |
---------------+-------------------------+-----
Transmutations | 2 3 4 |  4.0
Spellcasting   | 5 6 |  6.5
Invocations    | 1 2 3 4 |  4.5
Fighting       | 1 2 3 4 |  4.0
Short Blades   | 1 2 3 4 |  4.0
Long Blades    | 1 2 3 4 |  4.0
Axes           | 1 2 3 4 |  4.0
Maces & Flails | 1 2 3 4 |  4.0
Polearms       | 1 2 3 4 |  4.0
Staves         | 1 2 3 4 |  4.0
Ranged Weapons | 1 2 3 4 |  4.0
Throwing       | 1 2 3 4 |  4.0
Armour         | 1 2 3 4 |  4.0
Shields        | 1 2 3 4 |  4.0
Unarmed Combat | 1 2 3 4 |  4.0
Evocations     | 1 2 3 4 |  4.0
Conjurations   | 1 2 3 |  3.3
Hexes          | 1 2 3 |  3.3
Summonings     | 1 2 3 |  3.3
Necromancy     | 1 2 3 |  3.3
Translocations | 1 2 3 |  3.3
Fire Magic     | 1 2 3 |  3.3
Ice Magic      | 1 2 3 |  3.3
Air Magic      | 1 2 3 |  3.3
Earth Magic    | 1 2 3 |  3.3
Dodging        | 5 6 |  6.2
Stealth        | 5 |  5.9
Poison Magic   | 6 |  6.4

Action                     |  1- 3 |  4- 6 |  7- 9 || total
---------------------------+-------+-------+-------++-------
  Melee: Dagger            |    23 |    72 |    85 ||   180
         Bite              |     2 |    13 |    13 ||    28
         Punch             |     1 |     4 |     3 ||     8
  Throw: Throwing net      |       |       |     1 ||     1
   Cast: Sting             |    27 |     5 |     9 ||    41
         Poisonous Vapours |       |     8 |       ||     8
         Olgreb's Toxic Ra |       |     8 |    27 ||    35
         Mephitic Cloud    |       |       |     1 ||     1
  Evoke: Wand              |       |       |     1 ||     1
    Use: Potion            |     1 |     4 |     2 ||     7
         Scroll            |       |     1 |     6 ||     7
   Stab: Sleeping          |     6 |     3 |     6 ||    15
         Distracted        |       |       |     1 ||     1
 Armour: Robe              |     7 |     4 |       ||    11
         Leather armour    |       |    10 |    31 ||    41
  Dodge: Dodged            |    25 |    51 |    81 ||   157
